AA
MILWAUKEE MILKMEN @ KANSAS CITY T-BONES
07/11/2072
 
TOP OF THE 1ST
Milwaukee Milkmen batting - Pitching for Fargo-Moorhead RedHawks : LHP John Anderson
Pitching: LHP John Anderson
Batting: RHB Juan Gascon 0-0: Called Strike
0-1: SINGLE (Line Drive, 6MD, EV 103.1 MPH)
Batting: RHB Martin Palmer 0-0: Ball
1-0: Ball
2-0: Ball
3-0: Called Strike
3-1: SINGLE (Groundball, 4D, EV 110.0 MPH)
Juan Gascon to second
Runner from 2nd tries for 3rd, SAFE, throw by CF made to third
Batting: LHB Teo Munoz 0-0: Ball
Martin Palmer steals 2nd base
1-0: Ball
2-0: Called Strike
2-1: Called Strike
2-2: Strikes out looking
Batting: RHB Kevin Michon 0-0: DOUBLE (Line Drive, 9LS, EV 93.1 MPH)
Juan Gascon scores
Martin Palmer scores
Batting: LHB Ron Werner 0-0: Called Strike
0-1: Foul Ball, location: 2F
0-2: Fly out, F9 (Flyball, 9LS, EV 78.8 MPH)
Batting: RHB Andy Herrera 0-0: Called Strike
0-1: Ball
1-1: Foul Ball, location: 2F
1-2: Ball
2-2: Strikes out swinging
Top of the 1st over - 2 runs, 3 hits, 0 errors, 1 left on base; Milwaukee 2 - Fargo-Moorhead 0
BOTTOM OF THE 1ST
Fargo-Moorhead RedHawks batting - Pitching for Milwaukee Milkmen : RHP Jose Pascual
Pitching: RHP Jose Pascual
Batting: LHB Kyle Mathis 0-0: Called Strike
0-1: Swinging Strike
0-2: Ball
1-2: Ball
2-2: SINGLE (Groundball, 56D, EV 97.5 MPH)
Batting: RHB Robert Pawley 0-0: Foul Ball, location: 2F
0-1: Ball
1-1: Ball
2-1: Ball
3-1: Base on Balls
Kyle Mathis to second
Batting: LHB Jack Musial 0-0: Foul Ball, location: 2F
0-1: SINGLE (Flyball, 89S, EV 93.8 MPH)
Kyle Mathis to third
Robert Pawley to second
Runner from 3rd tries for Home, SAFE, throw by CF to home
Batting: LHB Noah Baker 0-0: Ball
1-0: Foul Ball, location: 2F
1-1: Ball
2-1: Ball
3-1: Base on Balls
Robert Pawley to third
Jack Musial to second
Batting: RHB Jon Ballejos 0-0: Foul Ball, location: 2F
0-1: Swinging Strike
0-2: Ball
1-2: Foul Ball, location: 2F
1-2: Hit by Pitch
Robert Pawley scores
Jack Musial to third
Noah Baker to second
Batting: RHB Luis Nerey 0-0: Swinging Strike
0-1: Ball
1-1: Ball
2-1: Fly out, F8 (Flyball, 8LXD, EV 99.4 MPH)
Runner from 3rd tags up, SCORES, no throw by CF
Batting: RHB Kyle Connally 0-0: Foul Ball, location: 2F
0-1: Ball
1-1: Foul Ball, location: 2F
1-2: Foul Ball, location: 2F
1-2: Ball
2-2: Fly out, F9 (Flyball, 9LM, EV 89.4 MPH)
Batting: RHB Allen Ollison 0-0: Ball
1-0: Ball
2-0: Called Strike
2-1: Ball
3-1: Base on Balls
Noah Baker to third
Jon Ballejos to second
Batting: RHB Josh Ekstrand 0-0: Ball
1-0: Called Strike
1-1: SINGLE (Groundball, 56D, EV 98.8 MPH)
Noah Baker scores
Jon Ballejos to third
Allen Ollison to second
Runner from 3rd tries for Home, SAFE, throw by LF to home
Batting: LHB Kyle Mathis 0-0: Ball
1-0: Ground out 4-3 (Groundball, 4D, EV 105.0 MPH)
Bottom of the 1st over - 5 runs, 3 hits, 0 errors, 2 left on base; Milwaukee 2 - Fargo-Moorhead 5
TOP OF THE 2ND
Milwaukee Milkmen batting - Pitching for Fargo-Moorhead RedHawks : LHP John Anderson
Batting: LHB Mick Walker 0-0: Called Strike
0-1: Ball
1-1: Ball
2-1: SINGLE (Line Drive, 9S, EV 86.9 MPH)
Batting: SHB Mike Della Vecchia 0-0: Ball
1-0: Called Strike
1-1: Ball
2-1: Ball
3-1: Called Strike
3-2: Grounds into double play, 6-4-3 (Groundball, 6, EV 88.1 MPH)
Batting: SHB Jose Sermo 0-0: Ball
1-0: Fly out, F5 (Popup, 25, EV 86.9 MPH)
Top of the 2nd over - 0 runs, 1 hit, 0 errors, 0 left on base; Milwaukee 2 - Fargo-Moorhead 5
BOTTOM OF THE 2ND
Fargo-Moorhead RedHawks batting - Pitching for Milwaukee Milkmen : RHP Jose Pascual
Batting: RHB Robert Pawley 0-0: Ball
1-0: Fly out, F8 (Flyball, 8RS, EV 91.2 MPH)
Batting: LHB Jack Musial 0-0: Called Strike
0-1: Fly out, F8 (Flyball, 89XD, EV 102.5 MPH)
Batting: LHB Noah Baker 0-0: Ball
1-0: Swinging Strike
1-1: Ball
2-1: Foul Ball, location: 2F
2-2: Foul Ball, location: 2F
2-2: Ball
3-2: SINGLE (Flyball, 6D, EV 88.8 MPH)
Batting: RHB Jon Ballejos 0-0: Ball
1-0: Ball
2-0: Called Strike
2-1: Foul Ball, location: 2F
2-2: Ball
3-2: Ground out 5-3 (Groundball, 56, EV 99.4 MPH)
Bottom of the 2nd over - 0 runs, 1 hit, 0 errors, 1 left on base; Milwaukee 2 - Fargo-Moorhead 5
TOP OF THE 3RD
Milwaukee Milkmen batting - Pitching for Fargo-Moorhead RedHawks : LHP John Anderson
Batting: RHB Juan Gascon 0-0: Ball
1-0: Called Strike
1-1: Ground out 5-3 (Groundball, 5, EV 98.1 MPH)
Batting: RHB Martin Palmer 0-0: Hit by Pitch
Batting: LHB Teo Munoz 0-0: Called Strike
0-1: Ball
1-1: Fly out, F8 (Flyball, 89M, EV 91.9 MPH)
Batting: RHB Kevin Michon 0-0: Called Strike
0-1: Foul Ball, location: 2F
0-2: Foul Ball, location: 2F
0-2: Ball
1-2: Fly out, F3 (Popup, 23F, EV 84.4 MPH)
Top of the 3rd over - 0 runs, 0 hits, 0 errors, 1 left on base; Milwaukee 2 - Fargo-Moorhead 5
BOTTOM OF THE 3RD
Fargo-Moorhead RedHawks batting - Pitching for Milwaukee Milkmen : RHP Jose Pascual
Batting: RHB Luis Nerey 0-0: Ground out 6-3 (Groundball, 6, EV 110.0 MPH)
Batting: RHB Kyle Connally 0-0: Ball
1-0: Ball
2-0: SINGLE (Groundball, 6S, EV 70.6 MPH) (infield hit)
Batting: RHB Allen Ollison 0-0: Called Strike
Kyle Connally steals 2nd base
0-1: Foul Ball, location: 2F
0-2: Foul Ball, location: 2F
0-2: Ball
1-2: Ground out 4-3 (Groundball, 4, EV 100.0 MPH)
Kyle Connally to third
Batting: RHB Josh Ekstrand 0-0: Called Strike
0-1: Swinging Strike
0-2: Ball
1-2: Strikes out swinging
Bottom of the 3rd over - 0 runs, 1 hit, 0 errors, 1 left on base; Milwaukee 2 - Fargo-Moorhead 5
TOP OF THE 4TH
Milwaukee Milkmen batting - Pitching for Fargo-Moorhead RedHawks : LHP John Anderson
Batting: LHB Ron Werner 0-0: Fly out, F9 (Flyball, 89S, EV 85.0 MPH)
Batting: RHB Andy Herrera 0-0: Ball
1-0: Foul Ball, location: 2F
1-1: Ground out 6-3 (Groundball, 6, EV 86.2 MPH)
Batting: LHB Mick Walker 0-0: Ball
1-0: Called Strike
1-1: Ground out 4-3 (Groundball, 4M, EV 83.8 MPH)
Top of the 4th over - 0 runs, 0 hits, 0 errors, 0 left on base; Milwaukee 2 - Fargo-Moorhead 5
BOTTOM OF THE 4TH
Fargo-Moorhead RedHawks batting - Pitching for Milwaukee Milkmen : RHP Jose Pascual
Batting: LHB Kyle Mathis 0-0: Ball
1-0: Called Strike
1-1: Ball
2-1: SINGLE (Groundball, 25, EV 71.9 MPH) (infield hit)
Batting: RHB Robert Pawley 0-0: Ball
1-0: Swinging Strike
1-1: Foul Ball, location: 2F
1-2: Fielders Choice at 2nd, 4-6 (Groundball, 4, EV 83.1 MPH)
Batting: LHB Jack Musial 0-0: Ball
Robert Pawley steals 2nd base
1-0: Fly out, F9 (Flyball, 9S, EV 74.4 MPH)
Batting: LHB Noah Baker 0-0: Called Strike
0-1: Ball
1-1: Ball
2-1: Ball
3-1: Base on Balls
Batting: RHB Jon Ballejos 0-0: Ground out 2-3 (Groundball, 15S, EV 68.1 MPH)
Bottom of the 4th over - 0 runs, 1 hit, 0 errors, 2 left on base; Milwaukee 2 - Fargo-Moorhead 5
TOP OF THE 5TH
Milwaukee Milkmen batting - Pitching for Fargo-Moorhead RedHawks : LHP John Anderson
Batting: SHB Mike Della Vecchia 0-0: Ball
1-0: Ball
2-0: Called Strike
2-1: Ball
3-1: Base on Balls
Batting: SHB Jose Sermo 0-0: Ball
1-0: Grounds into double play, 4-6-3 (Groundball, 4, EV 86.2 MPH)
Batting: RHB Juan Gascon 0-0: DOUBLE (Line Drive, 3D, EV 103.8 MPH)
Batting: RHB Martin Palmer 0-0: Ball
1-0: Ground out 4-3 (Groundball, 4, EV 104.4 MPH)
Top of the 5th over - 0 runs, 1 hit, 0 errors, 1 left on base; Milwaukee 2 - Fargo-Moorhead 5
BOTTOM OF THE 5TH
Fargo-Moorhead RedHawks batting - Pitching for Milwaukee Milkmen : RHP Jose Pascual
Batting: RHB Luis Nerey 0-0: Foul Ball, location: 2F
0-1: Fly out, F7 (Flyball, 7S, EV 81.2 MPH)
Batting: RHB Kyle Connally 0-0: Ground out 6-3 (Groundball, 56D, EV 81.2 MPH)
Batting: RHB Allen Ollison 0-0: Called Strike
0-1: Fly out, F4 (Flyball, 34D, EV 88.1 MPH)
Bottom of the 5th over - 0 runs, 0 hits, 0 errors, 0 left on base; Milwaukee 2 - Fargo-Moorhead 5
TOP OF THE 6TH
Milwaukee Milkmen batting - Pitching for Fargo-Moorhead RedHawks : LHP John Anderson
Batting: LHB Teo Munoz 0-0: Foul Ball, location: 2F
0-1: Ball
1-1: SINGLE (Line Drive, 56, EV 97.5 MPH)
Batting: RHB Kevin Michon 0-0: Ball
1-0: Ball
2-0: SINGLE (Groundball, 56D, EV 103.8 MPH)
Teo Munoz to second
Batting: LHB Ron Werner 0-0: Foul Ball, location: 2F
0-1: Called Strike
0-2: Ball
1-2: Foul Ball, location: 2F
1-2: Foul Ball, location: 2F
1-2: Strikes out swinging
Batting: RHB Andy Herrera 0-0: Swinging Strike
0-1: Ball
1-1: Called Strike
1-2: Ball
2-2: Strikes out swinging
Batting: LHB Mick Walker 0-0: Ball
1-0: Ball
2-0: Ball
3-0: Called Strike
3-1: Fly out, F8 (Flyball, 89D, EV 105.6 MPH)
Top of the 6th over - 0 runs, 2 hits, 0 errors, 2 left on base; Milwaukee 2 - Fargo-Moorhead 5
BOTTOM OF THE 6TH
Fargo-Moorhead RedHawks batting - Pitching for Milwaukee Milkmen : RHP Jose Pascual
Batting: RHB Josh Ekstrand 0-0: Ball
1-0: Fly out, F5 (Line Drive, 5, EV 72.5 MPH)
Batting: LHB Kyle Mathis 0-0: Ground out 5-3 (Groundball, 56S, EV 82.5 MPH)
Batting: RHB Robert Pawley 0-0: Ball
1-0: Called Strike
1-1: Ball
2-1: Ball
3-1: Ground out U3 (Groundball, 34, EV 108.1 MPH)
Bottom of the 6th over - 0 runs, 0 hits, 0 errors, 0 left on base; Milwaukee 2 - Fargo-Moorhead 5
TOP OF THE 7TH
Milwaukee Milkmen batting - Pitching for Fargo-Moorhead RedHawks : LHP John Anderson
Batting: SHB Mike Della Vecchia 0-0: Ball
1-0: Called Strike
1-1: Foul Ball, location: 2F
1-2: Foul Ball, location: 2F
1-2: Foul Ball, location: 2F
1-2: Ground out 5-3 (Groundball, 5, EV 82.5 MPH)
Batting: SHB Jose Sermo 0-0: Ball
1-0: Fly out, F6 (Popup, 6D, EV 70.6 MPH)
Batting: RHB Juan Gascon 0-0: Ball
1-0: Ball
2-0: Ground out 5-3 (Groundball, 25, EV 86.2 MPH)
Top of the 7th over - 0 runs, 0 hits, 0 errors, 0 left on base; Milwaukee 2 - Fargo-Moorhead 5
BOTTOM OF THE 7TH
Fargo-Moorhead RedHawks batting - Pitching for Milwaukee Milkmen : RHP Jose Pascual
Batting: LHB Jack Musial 0-0: SOLO HOME RUN (Flyball, 9LD, EV 108.1 MPH), Distance : 360 ft
Batting: LHB Noah Baker 0-0: Ball
1-0: Ball
2-0: Ball
3-0: Called Strike
3-1: Ground out 4-3 (Groundball, 4, EV 99.4 MPH)
Batting: RHB Jon Ballejos 0-0: Called Strike
0-1: Ball
1-1: Called Strike
1-2: Ball
2-2: Foul Ball, location: 2F
2-2: DOUBLE (Line Drive, 7LS, EV 95.0 MPH)
Pitching: RHP Zach Schlobohm
Batting: RHB Luis Nerey 0-0: Foul Ball, location: 2F
0-1: Ball
1-1: Swinging Strike
1-2: Ball
2-2: SINGLE (Groundball, 6MD, EV 106.2 MPH)
Jon Ballejos to third
Runner from 3rd tries for Home, SAFE, throw by CF to home
Batting: RHB Kyle Connally 0-0: Called Strike
Luis Nerey steals 2nd base
0-1: Called Strike
0-2: Ball
1-2: Ball
2-2: Foul Ball, location: 2F
2-2: 2-RUN HOME RUN (Flyball, 7D, EV 105.6 MPH), Distance : 428 ft
Batting: RHB Allen Ollison 0-0: SINGLE (Groundball, 6MD, EV 94.4 MPH)
Batting: RHB Josh Ekstrand 0-0: Ball
1-0: Ball
2-0: Foul Ball, location: 2F
2-1: Ball
3-1: Base on Balls
Allen Ollison to second
Batting: LHB Kyle Mathis 0-0: Ball
1-0: Swinging Strike
1-1: Called Strike
1-2: Ball
2-2: Ball
3-2: Base on Balls
Allen Ollison to third
Josh Ekstrand to second
Pitching: LHP Justin Poullard
Batting: RHB Robert Pawley 0-0: Ball
1-0: Ball
2-0: Foul Ball, location: 2F
2-1: Ball
3-1: Base on Balls
Allen Ollison scores
Josh Ekstrand to third
Kyle Mathis to second
Batting: LHB Jack Musial 0-0: Ball
1-0: Ball
2-0: Called Strike
2-1: Ball
3-1: Base on Balls
Josh Ekstrand scores
Kyle Mathis to third
Robert Pawley to second
Batting: LHB Noah Baker 0-0: Ball
1-0: Ball
2-0: Foul Ball, location: 2F
2-1: Ball
3-1: GRAND SLAM HOME RUN (Flyball, 89XD, EV 100.0 MPH), Distance : 402 ft
Batting: RHB Jon Ballejos 0-0: Swinging Strike
0-1: Ground out 6-3 (Groundball, 6M, EV 88.8 MPH)
Batting: RHB Luis Nerey 0-0: Ball
1-0: Ball
2-0: Ball
3-0: Base on Balls
Pitching: RHP Jason Boggs
Batting: RHB Kyle Connally 0-0: SINGLE (Groundball, 56D, EV 104.4 MPH)
Luis Nerey to second
Batting: RHB Allen Ollison 0-0: Ball
1-0: Called Strike
1-1: Called Strike
1-2: 3-RUN HOME RUN (Flyball, 78XD, EV 103.8 MPH), Distance : 424 ft
Batting: RHB Josh Ekstrand 0-0: Ball
1-0: DOUBLE (Line Drive, 7D, EV 101.2 MPH)
Batting: LHB Kyle Mathis 0-0: Fly out, F7 (Line Drive, 7, EV 106.9 MPH)
Bottom of the 7th over - 13 runs, 9 hits, 0 errors, 1 left on base; Milwaukee 2 - Fargo-Moorhead 18
TOP OF THE 8TH
Milwaukee Milkmen batting - Pitching for Fargo-Moorhead RedHawks : LHP John Anderson
Batting: RHB Martin Palmer 0-0: Foul Ball, location: 2F
0-1: Ball
1-1: Foul Ball, location: 2F
1-2: Ball
2-2: SINGLE (Line Drive, 89S, EV 100.6 MPH)
Batting: LHB Teo Munoz 0-0: Ball
1-0: Swinging Strike
1-1: Ball
2-1: Foul Ball, location: 2F
2-2: Ball
3-2: Grounds into double play, 4-6-3 (Groundball, 4M, EV 85.6 MPH)
Batting: RHB Kevin Michon 0-0: Called Strike
0-1: Called Strike
0-2: Ball
1-2: Foul Ball, location: 2F
1-2: Ball
2-2: Strikes out looking
Top of the 8th over - 0 runs, 1 hit, 0 errors, 0 left on base; Milwaukee 2 - Fargo-Moorhead 18
BOTTOM OF THE 8TH
Fargo-Moorhead RedHawks batting - Pitching for Milwaukee Milkmen : RHP Jason Boggs
Batting: RHB Robert Pawley 0-0: Foul Ball, location: 2F
0-1: Fly out, F2 (Popup, 2LF, EV 90.0 MPH)
Batting: LHB Jack Musial 0-0: Ball
1-0: Ground out 4-3 (Groundball, 4, EV 90.6 MPH)
Batting: LHB Noah Baker 0-0: Called Strike
0-1: Foul Ball, location: 2F
0-2: Foul Ball, location: 2F
0-2: Ball
1-2: Strikes out swinging, 2-3 out at first.
Bottom of the 8th over - 0 runs, 0 hits, 0 errors, 0 left on base; Milwaukee 2 - Fargo-Moorhead 18
TOP OF THE 9TH
Milwaukee Milkmen batting - Pitching for Fargo-Moorhead RedHawks : LHP John Anderson
Pitching: LHP Bill Cocherell
Batting: LHB Ron Werner 0-0: Swinging Strike
0-1: Called Strike
0-2: Ball
1-2: DOUBLE (Line Drive, 7LS, EV 89.4 MPH)
Batting: RHB Andy Herrera 0-0: Ball
1-0: Ball
2-0: Called Strike
2-1: Ball
3-1: Base on Balls
Batting: LHB Mick Walker 0-0: SINGLE (Flyball, 78S, EV 86.2 MPH)
Ron Werner to third
Andy Herrera to second
Batting: SHB Mike Della Vecchia 0-0: Ball
1-0: Called Strike
1-1: Foul Ball, location: 2F
1-2: Ball
2-2: Foul Ball, location: 2F
2-2: Ball
3-2: Fielders Choice at 2nd, 3-6 (Groundball, 34S, EV 88.8 MPH)
Ron Werner scores
Andy Herrera to third
Batting: SHB Jose Sermo 0-0: DOUBLE (Line Drive, 9LS, EV 101.2 MPH)
Andy Herrera scores
Mike Della Vecchia to third
Batting: RHB Juan Gascon 0-0: Called Strike
0-1: Foul Ball, location: 2F
0-2: Ball
1-2: Ball
2-2: Ground out 1-3 (Groundball, P, EV 72.5 MPH)
Batting: RHB Martin Palmer 0-0: Ball
1-0: DOUBLE (Line Drive, 78M, EV 104.4 MPH)
Mike Della Vecchia scores
Jose Sermo scores
Pitching: RHP Zach Arneson
Pinch Hitting: SHB Justin Frohock 0-0: Reached on error, E6 (Groundball, 6, EV 104.4 MPH)
Martin Palmer to third
Batting: RHB Kevin Michon 0-0: Called Strike
0-1: Ball
1-1: Ball
2-1: Fly out, F3 (Line Drive, 3, EV 68.1 MPH)
Top of the 9th over - 4 runs, 4 hits, 1 error, 2 left on base; Milwaukee 6 - Fargo-Moorhead 18
Wednesday, October 27th , 2021 - OOTP Baseball 22.10 Build 79